 Dungeon Crawl Stone Soup version 0.31-a0-236-g9a0961fb85 (webtiles) character file.

Game seed: 2824940085647114929

854 qw the Skirmisher (level 7, -1/61 HPs)
             Began as a Minotaur Hexslinger on July 10, 2023.
             Slain by an orc
             ... wielding a +0 flail
              (5 damage)
             ... on level 5 of the Dungeon.
             The game lasted 00:02:01 (4887 turns).

qw the Skirmisher (Minotaur Hexslinger)             Turns: 4887, Time: 00:02:01

Health: -1/61      AC:  7    Str: 19    XL:     7   Next: 70%
Magic:  7/7        EV: 11    Int: 10    God:
Gold:   293        SH:  5    Dex: 14    Spells: 7/8 levels left

rFire   . . .        Y - +3 sling (drain)
rCold   + . .        (no shield)
rNeg    . . .        i - +0 ring mail
rPois   .            (helmet restricted)
rElec   .            (no cloak)
rCorr   .            m - +0 pair of gloves
SInv    +            g - +0 pair of boots
Will    .....        e - amulet of reflection
Stlth   +            l - +6 ring of strength
HPRegen 0.30/turn    b - ring of protection from cold
MPRegen 0.10/turn

%: reflection
@: no status effects
A: horns 2, retaliatory headbutt, see invisible, mutation resistance 1, noise
suppression
a: no special abilities


You were on level 5 of the Dungeon.
You visited 1 branch of the dungeon, and saw 6 of its levels.
You also visited: Sewer.

You collected 293 gold pieces.


Innate Abilities, Weirdness & Mutations

You have a pair of horns on your head.
You reflexively headbutt those who attack you in melee.
You have supernaturally acute eyesight. (SInv)
You are somewhat resistant to further mutation.
You passively dampen the noise of your surroundings.


   Skills:
 - Level 5.0 Fighting
 + Level 8.4 Ranged Weapons
 - Level 2.2 Armour
 - Level 2.1 Dodging
 - Level 1.0 Spellcasting
 - Level 2.0 Hexes


You had 7 spell levels left.
You knew the following spells:

 Your Spells              Type           Power      Damage    Failure   Level
a - Slow                  Hex            16%        N/A       26%         1

Your spell library contained the following spells:

 Spells                   Type           Power      Damage    Failure   Level
 Inner Flame              Hex/Fire       2%         N/A       75%         3
 Portal Projectile        Hex/Tloc       4%         N/A       75%         3
 Cause Fear               Hex            2%         N/A       94%         4

Inventory:

Hand Weapons
 Y - a +3 sling of draining (weapon)
Armour
 g - a +0 pair of boots (worn)
 i - a +0 ring mail (worn)
 m - a +0 pair of gloves (worn)
Jewellery
 b - a ring of protection from cold (right hand)
 e - an amulet of reflection (around neck)
 l - a +6 ring of strength (left hand)
Scrolls
 d - a scroll of identify
Potions
 c - 3 potions of haste
 f - 2 potions of mutation
 h - a potion of cancellation
 j - a potion of might
 k - a potion of attraction {unknown}

Dungeon Overview and Level Annotations

Branches:
Dungeon (6/15)              Sewer (visited)
 Temple: D:4-7

Altars:
Trog


Message History

The water moccasin is heavily wounded.
You block the water moccasin's attack. The orc hits you with a +0 war axe.
The orc hits you with a +0 war axe! The orc misses you.
You furiously retaliate!
You headbutt the orc, but do no damage. The orc hits you with a +0 falchion.
You shoot a sling bullet.
The sling bullet hits the water moccasin but does no damage.
The water moccasin is heavily wounded.
You block the water moccasin's attack. The orc barely misses you.
The orc hits you with a +0 war axe. You block the orc's attack.
The orc misses you. The water moccasin barely misses you.
You shoot a sling bullet.
The sling bullet barely misses the water moccasin.
The water moccasin bites you. The orc completely misses you.
The orc barely misses you. The orc hits you with a +0 flail.
The orc hits you with a +0 falchion.
You shoot a sling bullet.
The sling bullet barely misses the water moccasin.
The water moccasin bites you. The orc hits you with a +0 war axe!
You block the orc's attack. The orc hits you with a +0 flail!
The orc hits you but does no damage.
The water moccasin bites you but does no damage.
You shoot a sling bullet.
The sling bullet closely misses the water moccasin.
The orc completely misses you. The orc hits you with a +0 flail.
The orc hits you with a +0 falchion. The orc barely misses you.
You furiously retaliate!
You headbutt the orc!
You kill the orc!
The water moccasin bites you but does no damage.
You shoot a sling bullet.
The sling bullet barely misses the water moccasin.
The water moccasin bites you but does no damage.
The orc barely misses you. You furiously retaliate!
You headbutt the orc!
You kill the orc!
You block the orc's attack. The orc barely misses you.
You shoot a sling bullet.
The sling bullet hits the water moccasin.
The water moccasin is severely wounded.
The water moccasin bites you but does no damage.
The orc hits you with a +0 flail.
You die...

#.# #.#.## ##)###...###
######..##[./....
########...........##...
#.....................#.
######....##.#..########
#............<....#
#o)o.##..########..
#)@S.##.## ###
####....##########.
#.##.##....(....
#.#..##.........
##...###......... #...##
########## #...# #####


You could see a water moccasin (drained) and 2 orcs.

Vanquished Creatures
  A black bear (D:4)
  2 ogres
  A sky beast (D:5)
  A scorpion (D:4)
  A jelly (D:3)
  An orc priest (D:5)
  A hound (D:5)
  An iguana (D:4)
  14 adders
  5 river rats (Sewer)
  A shadow imp (D:5)
  An ufetubus (D:5)
  6 worms
  4 dart slugs
  8 orcs
  7 bats
  8 endoplasms
  8 giant cockroaches
  5 hobgoblins
  A jackal (D:3)
  16 kobolds
  5 quokkas
  12 ball pythons
  4 frilled lizards
  7 goblins
  25 rats
146 creatures vanquished.

Notes
Turn   | Place    | Note
-------+----------+-------------------------------------------
     0 | D:1      | qw the Minotaur Hexslinger began the quest for the Orb.
     0 | D:1      | Reached XP level 1. HP: 16/16 MP: 1/1
     0 | D:1      | 0 ||| qw: Version: 0.3-a-52-g30416fa
     0 | D:1      | 0 ||| qw: Game counter: 4599
     0 | D:1      | 0 ||| qw: Melee chars always use a shield: true
     0 | D:1      | 0 ||| qw: God list: Okawaru
     0 | D:1      | 0 ||| qw: Allow faded altars: false
     0 | D:1      | 0 ||| qw: Do Orc after clearing Dungeon:15 true
     0 | D:1      | 0 ||| qw: Do second Lair branch before Depths: true
     0 | D:1      | 0 ||| qw: Lair rune preference: random
     0 | D:1      | 0 ||| qw: Goals: Normal
     0 | D:1      | 0 ||| PLANNING D:1-11
   155 | D:1      | Reached skill level 3 in Ranged Weapons
   190 | D:1      | Reached XP level 2. HP: 18/23 MP: 2/2
   738 | D:1      | 738 ||| UPGRADING to +0 leather armour.
   748 | D:1      | 748 ||| DROPPING +0 robe.
   752 | D:1      | 752 ||| UPGRADING to amulet of reflection.
   757 | D:1      | 757 ||| UPGRADING to +6 ring of strength.
   762 | D:1      | 762 ||| READING scroll labelled SOCIRE EKHUA.
   763 | D:1      | 763 ||| READING scroll labelled HAXKELLEGO.
   770 | D:1      | 770 ||| READING scroll labelled XEUFFO NAINICO.
   771 | D:1      | 771 ||| READING scroll labelled HECZUMOYDO.
   772 | D:1      | 772 ||| DROPPING scroll of poison.
   873 | D:2      | Reached XP level 3. HP: 29/29 MP: 3/3
   895 | D:2      | Found a faded altar of an unknown god.
   940 | D:2      | Reached skill level 4 in Ranged Weapons
   961 | D:2      | 961 ||| READING scroll of enchant weapon.
   961 | D:2      | 961 ||| ENCHANTING +2 sling.
  1150 | D:2      | Found a bloodstained altar of Trog.
  1197 | D:2      | Reached XP level 4. HP: 36/36 MP: 4/4
  1468 | D:2      | 1468 ||| READING scroll labelled ONUKUSO SEMY.
  1469 | D:2      | 1469 ||| READING scroll labelled VIGUCA QOASCH.
  1470 | D:2      | 1470 ||| READING scroll labelled VUPSUL ZYIMMA.
  1502 | D:3      | 1502 ||| PLANNING SEWER
  1540 | D:3      | Found a glowing drain.
  1559 | Sewer    | Entered a sewer
  1590 | Sewer    | Reached skill level 5 in Ranged Weapons
  1706 | Sewer    | Reached skill level 3 in Fighting
  1743 | Sewer    | Reached XP level 5. HP: 45/45 MP: 5/5
  1796 | Sewer    | 1796 ||| Stepping ~*~*~tactically~*~*~ (water).
  2143 | Sewer    | 2143 ||| UPGRADING to +0 pair of boots.
  2148 | Sewer    | 2148 ||| UPGRADING to +0 ring mail.
  2158 | Sewer    | 2158 ||| DROPPING +0 leather armour.
  2159 | Sewer    | 2159 ||| DRINKING 2 fizzy clear potions.
  2160 | Sewer    | 2160 ||| DRINKING 3 fuming ruby potions.
  2160 | Sewer    | Gained mutation: You passively dampen the noise of your
                  | surroundings. [potion of mutation]
  2160 | Sewer    | Gained mutation: You have supernaturally acute eyesight.
                  | (SInv) [potion of mutation]
  2160 | Sewer    | Gained mutation: You are somewhat resistant to further
                  | mutation. [potion of mutation]
  2186 | D:3      | 2186 ||| PLANNING D:1-11
  2283 | D:3      | Reached skill level 1 in Armour
  2552 | D:3      | 2552 ||| Stepping ~*~*~tactically~*~*~ (outnumbered).
  2598 | D:3      | Reached skill level 6 in Ranged Weapons
  2637 | D:3      | Reached XP level 6. HP: 51/51 MP: 6/6
  2943 | D:3      | 2943 ||| DRINKING 2 fuming grey potions.
  2944 | D:3      | 2944 ||| DROPPING potion of magic.
  3363 | D:4      | Reached skill level 7 in Ranged Weapons
  3678 | D:4      | HP: 13/52 [black bear (4)]
  3681 | D:4      | Reached XP level 7. HP: 13/59 MP: 7/7
  4233 | D:4      | 4233 ||| READING scroll labelled DIKKAPAIMI.
  4234 | D:4      | 4234 ||| DRINKING 2 murky puce potions.
  4235 | D:4      | 4235 ||| READING 2 scrolls of identify.
  4235 | D:4      | 4235 ||| IDENTIFYING viscous green potion
  4236 | D:4      | 4236 ||| DROPPING potion of invisibility.
  4295 | D:5      | Entered Level 5 of the Dungeon
  4344 | D:5      | Reached skill level 8 in Ranged Weapons
  4352 | D:5      | 4352 ||| Stepping ~*~*~tactically~*~*~ (outnumbered).
  4354 | D:5      | 4354 ||| Stepping ~*~*~tactically~*~*~ (outnumbered).
  4860 | D:5      | 4860 ||| UPGRADING to +0 pair of gloves.
  4865 | D:5      | 4865 ||| UPGRADING to ring of protection from cold.
  4866 | D:5      | 4866 ||| READING scroll labelled IROTIA VALOHEM.
  4869 | D:5      | 4869 ||| READING 2 scrolls of identify.
  4869 | D:5      | 4869 ||| IDENTIFYING bubbling purple potion
  4879 | D:6      | 4879 ||| STAIRDANCE
  4884 | D:5      | HP: 9/61 [orc/+0 flail (8)]
  4885 | D:5      | HP: 4/61 [orc/+0 falchion (2)]
  4887 | D:5      | Slain by an orc

Levels and vault maps discovered:
D:1:      lightli_molten_gateway, layout_basic
D:2:      layout_loops_ring, basic_altar, hellmonk_ecumenical_altar_heavens_door
D:3:      minmay_octagon_keep, layout_basic, portal_sewer_entry_a
D:4:      layout_loops_corners, hangedman_decor_clover_reticule,
          roderic_st_hans_cross, minmay_manual_mail
D:5:      layout_rooms, serial_bayou_crossing
D:6:      layout_rooms, vehumet_crystals, temple_hall, grunt_decor_junction,
          reono_crystal_passage, uniq_blork_the_orc, uniq_menkaure, uniq_edmund

Skill      XL: |  1  2  3  4  5  6  7 |
---------------+----------------------+-----
Ranged Weapons | 3 4 5 6 7 8 |  8.4
Fighting       | 2 3 4 5 |  5.0
Armour         | 1 2 |  2.2
Dodging        | |  2.1
Spellcasting   | |  1.0
Hexes          | |  2.0

Action                     |  1- 3 |  4- 6 |  7- 9 || total
---------------------------+-------+-------+-------++-------
   Fire: Sling             |   104 |   285 |    76 ||   465
    Use: Scroll            |     5 |     3 |     4 ||    12
         Potion            |       |     3 |     1 ||     4
 Armour: Robe              |     2 |       |       ||     2
         Leather armour    |     4 |    19 |       ||    23
         Ring mail         |       |    22 |    15 ||    37
  Dodge: Dodged            |    16 |    76 |    22 ||   114
  Block: Other             |     4 |    33 |    15 ||    52
         Reflection        |       |     1 |       ||     1

Table legend:
 A = Non-vault XP
 B = Vault XP
 C = Vault XP percentage of total XP
 D = Non-vault monster count
 E = Vault monster count
 F = Vault count percentage of total count
                 A         B        C        D         E       F
            +---------+---------+-------+---------+---------+-------
      Total |     936 |     284 |  23.3 |      85 |      61 |  41.8
            +---------+---------+-------+---------+---------+-------
        D:1 |      37 |       0 |   0.0 |      19 |       0 |   0.0
        D:2 |      72 |       0 |   0.0 |      23 |       0 |   0.0
        D:3 |      91 |      50 |  35.5 |      17 |      13 |  43.3
        D:4 |     370 |      85 |  18.7 |      12 |       3 |  20.0
        D:5 |     366 |       0 |   0.0 |      14 |       0 |   0.0
      Sewer |       0 |     149 | 100.0 |       0 |      45 | 100.0
            +---------+---------+-------+---------+---------+-------
